AoeStats
← BichiArana

Arena

510281401Analyzed
1v1 RM · 19h ago on Sep 30, 2026· 54m 41s· 2 players
Game mode
Random Map
Map size
Tiny (2 player)
Population
200
Speed
Normal
Resources
Standard
Victory
Conquest
Starting age
Dark Age
Ending age
Imperial Age
RankedLock teamsTeams togetherTeam positionsShared explorationLock speedFull tech treeHidden civsTurbo modeCheats
Victory
Defeat
🇪🇸 Poles · Spain
273
+6
🇪🇸 Britons · Spain
12
-6
BichiArana
0:33 Loom
11:53 Feudal Age
19:54 Castle Age
29:39 Fervor
33:02 Imperial Age
33:05 Horse Collar
36:50 Wheelbarrow
36:02 Town Watch
37:16 Arson
37:32 Squires
37:18 Gambesons
36:59 Cranequins
38:59 Gold Mining
39:01 Stone Mining
39:43 Fletching
39:54 Padded Archer Armor
40:01 Scale Barding Armor
42:04 Gold Shaft Mining
42:33 Murder Holes
43:26 Double-Bit Axe
44:50 Heavy Plow
45:10 Bow Saw
51:59 Hand Cart
52:56 Ballistics
52:17 Treadmill Crane
52:29 Heated Shot
52:43 Scale Mail Armor
54:34 Arrowslits
tremendoviaje
1:00 Loom
14:43 Feudal Age
16:27 Double-Bit Axe
16:27 Horse Collar
18:42 Wheelbarrow
22:50 Castle Age
32:04 Heavy Plow
34:10 Hand Cart
35:07 Bow Saw
36:48 Light Cavalry
38:14 Szlachta Privileges
38:26 Stone Mining
38:26 Gold Mining
38:33 Gold Mining
41:21 Imperial Age
39:43 Forging
39:39 Scale Barding Armor
39:35 Scale Mail Armor
41:13 Fortified Wall
41:25 Ballistics
41:54 Cavalier
45:12 Chemistry
45:01 Conscription
48:09 Iron Casting
49:46 Lechitic Legacy
50:14 Elite Obuch
54:23 Crop Rotation
55:05 Stone Shaft Mining
55:20 Bombard Tower
55:06 Siege Engineers
Connection lost

Rejoining the realm…

Still unreachable

The connection could not be restored.

Session expired

The server has moved on; the page needs a fresh start.